 Dungeon Crawl Stone Soup version 0.18.1-8-gdd0e5ea (webtiles) character file.

1693 georgeearnest the Cleaver (level 9, 0/75 HPs)
             Began as a Hill Orc Gladiator on May 21, 2016.
             Was a Follower of Beogh.
             Slain by a giant frog (6 damage)
             ... on level 7 of the Dungeon.
             The game lasted 00:30:12 (8885 turns).

georgeearnest the Cleaver (Hill Orc Gladiator)      Turns: 8885, Time: 00:30:13

Health: 0/75       AC:  9    Str: 21    XL:     9   Next: 2%
Magic:  9/9        EV:  9    Int:  8    God:    Beogh [*.....]
Gold:   422        SH:  0    Dex: 11    Spells: 0 memorised, 8 levels left

rFire  . . .     SeeInvis +     a - +1 war axe
rCold  . . .     Gourm    +     k - +3 leather armour {rPois}
rNeg   . . .     Faith    .     (no shield)
rPois  +         Spirit   .     z - +2 helmet
rElec  .         Dismiss  .     (no cloak)
rCorr  .         Reflect  .     (no gloves)
SustAt .         Harm     .     (no boots)
MR     .....     Rnd*Tele +     e - amulet of the gourmand
Stlth  +.........               y - ring of teleportation (curse)
                                i - ring of see invisible

@: drained, not resistant to hostile enchantments, very unstealthy
A: no striking features
a: Renounce Religion


You were on level 7 of the Dungeon.
You worshipped Beogh.
Beogh was aware of your devotion.
You were full.

You visited 1 branch of the dungeon, and saw 7 of its levels.

You collected 422 gold pieces.

Inventory:

Hand Weapons
 a - a +1 war axe (weapon)
Missiles
 d - a throwing net (quivered)
Armour
 b - a +0 leather armour
 c - a +0 helmet
 k - a +3 leather armour of poison resistance (worn)
 z - a +2 helmet (worn)
Jewellery
 e - an amulet of the gourmand (around neck)
 h - an uncursed amulet of magic regeneration {unknown}
 i - a ring of see invisible (left hand)
 s - an uncursed amulet of inaccuracy
 y - a cursed ring of teleportation (right hand)
 D - an uncursed amulet of the gourmand
Wands
 n - a wand of confusion (25/48)
 t - a wand of paralysis (13/24)
 A - a wand of lightning (10/15)
Scrolls
 f - a scroll of immolation
 j - a scroll of recharging {unknown}
 l - 4 scrolls of remove curse
 v - 2 scrolls of magic mapping
 w - 3 scrolls of identify
Potions
 g - a potion of agility {unknown}
 m - 2 potions of magic
Books
 B - a book of Death

   Spells                             Type                      Level
   a - Corpse Rot                     Necromancy                   2
   b - Sublimation of Blood           Necromancy                   2
   c - Agony                          Necromancy                   5
   d - Dispel Undead                  Necromancy                   5
   e - Excruciating Wounds            Charms/Necromancy            5
   f - Bolt of Draining               Conjuration/Necromancy       5
 C - a book of Alchemy

   Spells                             Type                      Level
   a - Sublimation of Blood           Necromancy                   2
   b - Ignite Poison                  Fire/Transmutation/Poison    3
   c - Petrify                        Transmutation/Earth          4
   d - Alistair's Intoxication        Transmutation/Poison         5
   e - Irradiate                      Conjuration/Transmutation    5
Comestibles
 p - 2 fruits
 q - a slice of pizza
 u - 2 meat rations


   Skills:
 + Level 6.0(5.2) Fighting
 + Level 8.4(7.6) Axes
 + Level 2.4(1.6) Throwing
 + Level 4.0(3.2) Armour
 + Level 6.2(5.4) Dodging
 + Level 1.5(0.7) Stealth


You had 8 spell levels left.
You didn't know any spells.

Dungeon Overview and Level Annotations

Branches:
Dungeon (7/15)             Temple (0/1) D:5

Altars:
Ashenzari
Cheibriados
Pakellas
Qazlal
Ru
Trog
Vehumet
Yredelemnul

Annotations:
D:4 ThereIsNoGod's ghost, amateur OpAs
D:5 Duvessa
D:7 Joseph


Message History

The gnoll shouts!
The giant frog hits you! The gnoll hits you but does no damage.
The giant frog hits you but does no damage.
There is a large open door here.
The gnoll barely misses you. The gnoll barely misses you.
The giant frog hits you. The gnoll hits you with a halberd!
* * * LOW HITPOINT WARNING * * *
The giant frog hits you.
* * * LOW HITPOINT WARNING * * *
Found an escape hatch in the floor.
There is an open door here.
The gnoll hits you from afar with a halberd.
* * * LOW HITPOINT WARNING * * *
There is an escape hatch in the floor here.
You can't go up here!
The giant frog hits you.
* * * LOW HITPOINT WARNING * * *
The giant frog hits you.
You die...

#≈≈..........O..##..#
#≈≈.≈.##'#...Og.###.#
..#..##'g# #.#
#..#...# #.# #g
#..O###.# ..
#..O##.#PP.# ..
###Y######..# #F.##
## #@..# ###..# ..#
#..# ...# #.... ###.


You could see a sky beast (invisible), 2 ogres, a giant frog and a gnoll.

Vanquished Creatures
  2 sky beasts
  A phantom (D:6)
  A necrophage (D:4)
  An ogre (D:5)
  A water moccasin zombie (D:6)
  2 scorpions
  Dowan (D:5)
  2 wights (D:6)
  A howler monkey (D:5)
  2 crimson imps (D:5)
  An orc priest (D:5)
  2 giant frog skeletons
  A gnoll shaman (D:5)
  A quasit (D:7)
  2 hounds
  A centaur skeleton (D:3)
  An iguana (D:5)
  Ijyb (D:2)
  10 orc wizards
  4 worker ants
  4 gnolls (D:5)
  7 adders
  2 shadow imps
  An ooze (D:3)
  An adder skeleton (D:5)
  6 worms
  A giant gecko (D:4)
  15 orcs
  3 giant cockroaches
  3 goblins
  8 hobgoblins
  17 jackals
  4 kobolds
  4 quokkas
  5 bats
  A giant gecko skeleton (D:5)
  A giant gecko zombie (D:5)
  8 giant newts
  5 rats
134 creatures vanquished.

Vanquished Creatures (others)
  2 orc priests (D:6)
  An orc wizard (D:6)
  An orc (D:6)
  6 fungi (D:7)
  12 plants (D:7)
22 creatures vanquished.

Grand Total: 156 creatures vanquished

Notes
Turn   | Place    | Note
--------------------------------------------------------------
     0 | D:1      | georgeearnest the Hill Orc Gladiator began the quest for the Orb.
     0 | D:1      | Reached XP level 1. HP: 18/18 MP: 1/1
   174 | D:1      | Reached XP level 2. HP: 14/25 MP: 2/2
   817 | D:2      | Reached skill level 1 in Armour
   817 | D:2      | Reached XP level 3. HP: 22/30 MP: 3/3
   982 | D:2      | Found a basalt altar of Yredelemnul.
   983 | D:2      | Found a stormy altar of Qazlal.
   984 | D:2      | Found a bloodstained altar of Trog.
  1287 | D:2      | Noticed Ijyb
  1308 | D:2      | Killed Ijyb
  1308 | D:2      | Reached skill level 5 in Axes
  1308 | D:2      | Reached XP level 4. HP: 27/38 MP: 4/4
  1890 | D:3      | Reached XP level 5. HP: 26/45 MP: 5/5
  2099 | D:3      | Found a sacrificial altar of Ru.
  2138 | D:3      | Became a worshipper of Ru the Awakened
  2937 | D:4      | Noticed a necrophage
  2939 | D:4      | Noticed ThereIsNoGod's ghost (amateur OpAs)
  2953 | D:5      | Entered Level 5 of the Dungeon
  3090 | D:5      | Noticed a centaur
  3111 | D:5      | Found a staircase to the Ecumenical Temple.
  3138 | D:5      | Reached XP level 6. HP: 51/52 MP: 6/6
  3191 | D:5      | Reached skill level 6 in Axes
  3312 | D:5      | Noticed Dowan
  3352 | D:5      | Killed Dowan
  3352 | D:5      | Reached skill level 1 in Stealth
  3668 | D:6      | Fell from the grace of Ru
  3668 | D:6      | Became a worshipper of Beogh the Brigand
  3751 | D:6      | Noticed a phantom
  3778 | D:6      | Reached XP level 7. HP: 47/59 MP: 7/7
  3960 | D:6      | Found a shattered altar of Ashenzari.
  4588 | D:5      | Reached * piety under Beogh
  4762 | D:5      | Reached skill level 5 in Fighting
  4810 | D:5      | Reached skill level 5 in Dodging
  4810 | D:5      | Reached XP level 8. HP: 44/68 MP: 8/8
  5254 | D:5      | Reached skill level 7 in Axes
  5568 | D:4      | Found an oddly glowing altar of Pakellas.
  6564 | D:5      | Noticed Duvessa
  7589 | D:6      | Reached skill level 8 in Axes
  8191 | D:7      | Found a snail-covered altar of Cheibriados.
  8211 | D:7      | Reached XP level 9. HP: 57/75 MP: 9/9
  8264 | D:7      | Found a radiant altar of Vehumet.
  8265 | D:7      | Noticed Joseph
  8885 | D:7      | Slain by a giant frog

Skill      XL: |  1  2  3  4  5  6  7  8 |
---------------+-------------------------+-----
Armour         | 1 2 3 4 |  4.0
Fighting       | 3 4 5 6 |  6.0
Axes           | 5 6 8 |  8.4
Dodging        | 3 4 5 6 |  6.2
Stealth        | 1 |  1.5
Throwing       | 2 |  2.4

Action                   |  1- 3 |  4- 6 |  7- 9 || total
-------------------------+-------+-------+-------++-------
Melee: War axe           |    99 |   233 |   319 ||   651
Throw: Throwing net      |       |     3 |     2 ||     5
Invok: Convert to Beogh  |       |     1 |       ||     1
  Use: Potion            |     7 |     7 |     2 ||    16
       Scroll            |       |     4 |    14 ||    18
 Stab: Invisible         |     1 |     1 |       ||     2
       Sleeping          |       |       |     2 ||     2
       Distracted        |       |       |     1 ||     1
  Eat: Bread ration      |     1 |     1 |     3 ||     5
       Fruit             |     1 |       |       ||     1
       Beef jerky        |       |       |     1 ||     1
       Meat ration       |       |       |     1 ||     1
       Pizza             |       |       |     1 ||     1
Armor: Leather armour    |    27 |   104 |   130 ||   261
       Skin              |       |       |     3 ||     3
Dodge: Dodged            |    80 |   175 |   239 ||   494
